 Dungeon Crawl Stone Soup version 0.23-a0-839-g6d2b917 (webtiles) character file.

474 tidbits the Skirmisher (level 7, -9/59 HPs)
             Began as a Gnoll Wanderer on Jan 25, 2019.
             Mangled by an orc warrior
             ... wielding a +0 halberd
              (12 damage)
             ... on level 5 of the Dungeon.
             The game lasted 00:10:47 (1137 turns).

tidbits the Skirmisher (Gnoll Wanderer)             Turns: 1137, Time: 00:10:48

Health: -9/59      AC:  6    Str: 20    XL:     7   Next: 10%
Magic:  10/10      EV: 12    Int: 20    God:
Gold:   104        SH:  0    Dex: 15    Spells: 10/10 levels left

rFire    + . .     SeeInvis .   a - +2 hand crossbow
rCold    . . .     Gourm    .   (no shield)
rNeg     . . .     Faith    .   B - +0 ring mail
rPois    .         Spirit   .   (no helmet)
rElec    .         Reflect  .   (no cloak)
rCorr    .         Harm     .   G - +0 pair of gloves (curse)
MR       .....                  (no boots)
Stlth    ++........             (no amulet)
HPRegen  0.19/turn              x - ring of protection from fire
MPRegen  0.12/turn              (no ring)

@: mighty, brilliant
A: distributed training, fangs 1, strong nose
a: no special abilities


You were on level 5 of the Dungeon.
You were very full.

You visited 1 branch of the dungeon, and saw 5 of its levels.

You collected 104 gold pieces.

Inventory:

Hand Weapons
 a - a +2 hand crossbow (weapon)
 b - a +0 dagger
 c - a +0 spear
 l - a +0 flail
 s - a +0 trident
Missiles
 f - 4 bolts (quivered)
 h - 2 stones
 p - 2 tomahawks
 q - 11 sling bullets
Armour
 e - a +0 robe
 m - a +2 large shield
 t - a +0 leather armour
 z - a +0 pair of gloves
 B - a +0 ring mail (worn)
 G - a cursed +0 pair of gloves (worn)
Jewellery
 x - a ring of protection from fire (left hand)
   (You found it on level 4 of the Dungeon)
Scrolls
 d - 3 scrolls of teleportation
 i - 4 scrolls of identify {unknown}
 j - 2 scrolls of amnesia {unknown}
 r - a scroll of immolation {unknown}
 u - a scroll of remove curse {unknown}
 w - a scroll of noise {unknown}
 y - a scroll of random uselessness {unknown}
Potions
 n - a potion of curing
 o - a potion of lignification {unknown}
 v - a potion of brilliance
 A - a potion of mutation {unknown}
Comestibles
 g - 6 rations


   Skills:
 + Level 6.9 Fighting
 + Level 3.4 Short Blades
 + Level 2.2 Long Blades
 + Level 2.2 Axes
 + Level 2.2 Maces & Flails
 + Level 2.2 Polearms
 + Level 2.2 Staves
 + Level 2.2 Slings
 + Level 2.2 Bows
 + Level 5.1 Crossbows
 + Level 2.2 Throwing
 + Level 2.2 Armour
 + Level 2.2 Dodging
 + Level 4.7 Stealth
 + Level 3.4 Shields
 + Level 2.2 Unarmed Combat
 + Level 2.2 Spellcasting
 + Level 1.8 Conjurations
 + Level 1.8 Hexes
 + Level 1.8 Charms
 + Level 1.8 Summonings
 + Level 1.8 Necromancy
 + Level 1.8 Translocations
 + Level 1.8 Transmutations
 + Level 1.8 Fire Magic
 + Level 1.8 Ice Magic
 + Level 1.8 Air Magic
 + Level 1.8 Earth Magic
 + Level 1.8 Poison Magic
 + Level 2.4 Invocations
 + Level 3.4 Evocations


You had 10 spell levels left.
You didn't know any spells.
Your spell library was empty.

Dungeon Overview and Level Annotations

Branches:
Dungeon (5/15)
 Temple: D:4-7

Altars:
Makhleb
Zin


Innate Abilities, Weirdness & Mutations

Your experience applies equally to all skills.
You have very sharp teeth.
Your uncanny sense of smell can sniff out nearby items.


Message History

The water moccasin bites you.
You hit the water moccasin.
The water moccasin is heavily wounded.
You feel sick. The water moccasin bites you.
You hit the water moccasin. You bite the water moccasin.
The water moccasin is severely wounded.
You feel sick. The water moccasin bites you.
You are more poisoned.
The water moccasin poisons you! The water moccasin bites you.
You hit the water moccasin. You bite the water moccasin.
You kill the water moccasin!
Your Long Blades skill increases to level 2!
Your Axes skill increases to level 2!
Your Maces & Flails skill increases to level 2!
Your Polearms skill increases to level 2!
Your Staves skill increases to level 2!
Your Slings skill increases to level 2!
Your Bows skill increases to level 2!
Your Crossbows skill increases to level 5!
Your Throwing skill increases to level 2!
Your Armour skill increases to level 2!
Your Dodging skill increases to level 2!
Your Unarmed Combat skill increases to level 2!
Your Spellcasting skill increases to level 2!
You feel sick.
It was a potion of curing.
You feel better.
A centaur comes into view.
a - a +2 hand crossbow (weapon)
Firing (i - inventory. (/) - cycle)
f - 12 bolts (quivered)
Press: ? - help, Shift-Dir - straight line, f - centaur
Aim: a centaur (hasn't noticed you)
You shoot a bolt. The bolt barely misses the centaur.
The centaur wields a +0 shortbow.
The centaur shoots an arrow.
The arrow hits you!
Firing (i - inventory. (/) - cycle)
f - 11 bolts (quivered)
Press: ? - help, Shift-Dir - straight line, f/p - centaur
Aim: a centaur, wielding a +0 shortbow You shoot a bolt.
The bolt hits the centaur.
The centaur is lightly wounded.
The centaur shoots an arrow.
The arrow misses you.
The centaur shoots an arrow.
The arrow completely misses you.
Firing (i - inventory. (/) - cycle)
f - 10 bolts (quivered)
Press: ? - help, Shift-Dir - straight line, f/p - centaur
Aim: a centaur, wielding a +0 shortbow (lightly wounded)
You shoot a bolt. The bolt hits the centaur!
The centaur is heavily wounded.
The centaur shoots an arrow.
The arrow misses you.
Firing (i - inventory. (/) - cycle)
f - 9 bolts (quivered)
Press: ? - help, Shift-Dir - straight line, f/p - centaur
Aim: a centaur, wielding a +0 shortbow (heavily wounded)
You shoot a bolt. The bolt hits the centaur!
The centaur is almost dead.
The centaur shoots an arrow.
The arrow barely misses you.
Firing (i - inventory. (/) - cycle)
f - 8 bolts (quivered)
Press: ? - help, Shift-Dir - straight line, f/p - centaur
Aim: a centaur, wielding a +0 shortbow (almost dead)
You shoot a bolt. The bolt hits the centaur!
You kill the centaur!
You have reached level 7!
You see here an amethyst potion.
k - an amethyst potion
Found a stone staircase leading down.
Unknown command.
You open the door.
An orc wizard comes into view. It is wielding a +1 dagger of venom.
Unknown command.
Firing (i - inventory. (/) - cycle)
f - 7 bolts (quivered)
Press: ? - help, Shift-Dir - straight line, f - orc wizard
Aim: an orc wizard, wielding a +1 dagger of venom and wearing a +0 robe (hasn't noticed you)
You shoot a bolt. The orc wizard shouts!
The bolt hits the orc wizard!
The orc wizard is heavily wounded.
You hear a shout! x5
An orc warrior comes into view. It is wielding a +0 halberd.
Okay, then.
Firing (i - inventory. (/) - cycle)
f - 6 bolts (quivered)
Press: ? - help, Shift-Dir - straight line, f - orc warrior
Aim: an orc warrior, wielding a +0 halberd and wearing a +0 plate armour You shoot a bolt.
The bolt closely misses the orc warrior.
Unknown command.
The orc warrior hits you with a +0 halberd!
* * * LOW HITPOINT WARNING * * *
There is an open door here.
Unknown command.
Firing (i - inventory. (/) - cycle)
f - 5 bolts (quivered)
Press: ? - help, Shift-Dir - straight line, f - orc wizard, p - orc warrior
Aim: an orc wizard, wielding a +1 dagger of venom and wearing a +0 robe (heavily wounded)
You shoot a bolt. The bolt hits the orc warrior.
The orc warrior is lightly wounded.
The orc warrior hits you with a +0 halberd!!
* * * LOW HITPOINT WARNING * * *
It was a potion of brilliance.
You feel clever all of a sudden.
A centaur comes into view.
An orc comes into view. It is wielding a +0 hand axe.
The orc warrior misses you.
It was a potion of magic.
Magic courses through your body.
The orc warrior hits you with a +0 halberd!
You die...

......)......##.#
#....#.#.#..
##..###......##.#
#....#<#.#.. ##
#..(†..####
##.###.#....
#(####(# ###
#.####. #.# #.#
... .. #.# #.#
#.# ## #. #.# #
..# ..####.##c#
### #.......@oo#
......#.##o#
......#.# # .....
#.# ..... #.#
..>. #.# .... #.#
∆ #.


You could see an orc warrior, a centaur, an orc wizard and an orc.

Vanquished Creatures
  A water moccasin (D:5)
  A centaur (D:5)
  2 howler monkeys (D:4)
  2 hounds
  A bullfrog skeleton (D:4)
  9 adders
  A shadow imp (D:5)
  An ooze (D:2)
  3 leopard geckos
  5 orcs
  A ball python (D:3)
  A bat (D:3)
  2 giant cockroaches
  2 kobolds
  3 quokkas
  A frilled lizard (D:4)
  A leopard gecko skeleton (D:4)
  3 rats (D:3)
40 creatures vanquished.

Notes
Turn   | Place    | Note
-------+----------+-------------------------------------------
     0 | D:1      | tidbits the Gnoll Wanderer began the quest for the Orb.
     0 | D:1      | tidbits set off with the following items: a +2 hand
                  | crossbow, 22 bolts, a +0 spear, a scroll of teleportation,
                  | a +0 robe, a +0 dagger, a ration
     0 | D:1      | Reached XP level 1. HP: 23/23 MP: 2/2
    12 | D:2      | Noticed a hound
    16 | D:2      | Killed a hound
    16 | D:2      | Reached XP level 2. HP: 26/29 MP: 3/3
    16 | D:2      | Reached XP level 3. HP: 32/35 MP: 4/4
    29 | D:2      | Reached skill level 1 in Invocations
    73 | D:2      | Reached skill level 1 in Long Blades
    73 | D:2      | Reached skill level 1 in Axes
    73 | D:2      | Reached skill level 1 in Maces & Flails
    73 | D:2      | Reached skill level 1 in Polearms
    73 | D:2      | Reached skill level 1 in Staves
    73 | D:2      | Reached skill level 1 in Slings
    73 | D:2      | Reached skill level 1 in Bows
    73 | D:2      | Reached skill level 1 in Throwing
    73 | D:2      | Reached skill level 1 in Armour
    73 | D:2      | Reached skill level 1 in Dodging
    73 | D:2      | Reached skill level 1 in Unarmed Combat
    73 | D:2      | Reached skill level 1 in Spellcasting
    73 | D:2      | Reached XP level 4. HP: 31/41 MP: 4/6
   377 | D:3      | Reached skill level 1 in Conjurations
   377 | D:3      | Reached skill level 1 in Hexes
   377 | D:3      | Reached skill level 1 in Charms
   377 | D:3      | Reached skill level 1 in Summonings
   377 | D:3      | Reached skill level 1 in Necromancy
   377 | D:3      | Reached skill level 1 in Translocations
   377 | D:3      | Reached skill level 1 in Transmutations
   377 | D:3      | Reached skill level 1 in Fire Magic
   377 | D:3      | Reached skill level 1 in Ice Magic
   377 | D:3      | Reached skill level 1 in Air Magic
   377 | D:3      | Reached skill level 1 in Earth Magic
   377 | D:3      | Reached skill level 1 in Poison Magic
   595 | D:5      | Entered Level 5 of the Dungeon
   617 | D:5      | Reached XP level 5. HP: 25/47 MP: 7/7
   635 | D:4      | HP: 9/47 [howler monkey (6)]
   636 | D:4      | Reached skill level 3 in Short Blades
   636 | D:4      | Reached skill level 3 in Shields
   636 | D:4      | Reached skill level 3 in Evocations
   728 | D:4      | Found a burning altar of Makhleb.
   728 | D:4      | Found a glowing silver altar of Zin.
   729 | D:4      | Noticed an angel
   729 | D:4      | Noticed a balrug
   832 | D:3      | Reached XP level 6. HP: 38/53 MP: 8/8
   927 | D:4      | Reached skill level 2 in Invocations
  1108 | D:5      | Noticed a water moccasin
  1117 | D:5      | Killed a water moccasin
  1117 | D:5      | Reached skill level 2 in Long Blades
  1117 | D:5      | Reached skill level 2 in Axes
  1117 | D:5      | Reached skill level 2 in Maces & Flails
  1117 | D:5      | Reached skill level 2 in Polearms
  1117 | D:5      | Reached skill level 2 in Staves
  1117 | D:5      | Reached skill level 2 in Slings
  1117 | D:5      | Reached skill level 2 in Bows
  1117 | D:5      | Reached skill level 5 in Crossbows
  1117 | D:5      | Reached skill level 2 in Throwing
  1117 | D:5      | Reached skill level 2 in Armour
  1117 | D:5      | Reached skill level 2 in Dodging
  1117 | D:5      | Reached skill level 2 in Unarmed Combat
  1117 | D:5      | Reached skill level 2 in Spellcasting
  1125 | D:5      | Reached XP level 7. HP: 37/59 MP: 8/10
  1135 | D:5      | HP: 2/59 [orc warrior/+0 halberd (25)]
  1137 | D:5      | Mangled by an orc warrior

Vault maps used:
D:1:      dpeg_arrival_simpleton_b
D:2:      first_ration
D:3:      uniq_ijyb
D:4:      grunt_temple_overflow_order_and_chaos_2,
          minmay_misc_feat_secret_circle
D:5:      chequers_temple_overflow_minitemple, serial_shops,
          kennysheep_little_box

Skill      XL: |  1  2  3  4  5  6 |
---------------+-------------------+-----
Invocations    | 1 2 |  2.4
Long Blades    | 1 2 |  2.2
Axes           | 1 2 |  2.2
Maces & Flails | 1 2 |  2.2
Polearms       | 1 2 |  2.2
Staves         | 1 2 |  2.2
Slings         | 1 2 |  2.2
Bows           | 1 2 |  2.2
Throwing       | 1 2 |  2.2
Armour         | 1 2 |  2.2
Dodging        | 1 2 |  2.2
Unarmed Combat | 1 2 |  2.2
Spellcasting   | 1 2 |  2.2
Conjurations   | 1 |  1.8
Hexes          | 1 |  1.8
Charms         | 1 |  1.8
Summonings     | 1 |  1.8
Necromancy     | 1 |  1.8
Translocations | 1 |  1.8
Transmutations | 1 |  1.8
Fire Magic     | 1 |  1.8
Ice Magic      | 1 |  1.8
Air Magic      | 1 |  1.8
Earth Magic    | 1 |  1.8
Poison Magic   | 1 |  1.8
Short Blades   | 3 |  3.4
Shields        | 3 |  3.4
Evocations     | 3 |  3.4
Crossbows      | 5 |  5.1
Fighting       | |  6.9
Stealth        | |  4.7

Action                   |  1- 3 |  4- 6 |  7- 9 || total
-------------------------+-------+-------+-------++-------
Melee: Dagger            |     7 |    14 |       ||    21
       Bite              |       |     3 |       ||     3
 Fire: Hand crossbow     |    14 |    94 |     3 ||   111
  Use: Potion            |     1 |     3 |     2 ||     6
 Stab: Sleeping          |       |     3 |       ||     3
  Eat: Ration            |       |     2 |       ||     2
Armor: Robe              |     2 |     1 |       ||     3
       Leather armour    |       |     6 |       ||     6
       Ring mail         |       |     4 |       ||     4
Dodge: Dodged            |     6 |    44 |     1 ||    51

Table legend:
 A = Non-vault XP
 B = Vault XP
 C = Vault XP percentage of total XP
 D = Non-vault monster count
 E = Vault monster count
 F = Vault count percentage of total count
                 A         B        C        D         E       F
            +---------+---------+-------+---------+---------+-------
      Total |     678 |       0 |   0.0 |      40 |       0 |   0.0
            +---------+---------+-------+---------+---------+-------
        D:1 |       2 |       0 |   0.0 |       1 |       0 |   0.0
        D:2 |      92 |       0 |   0.0 |       6 |       0 |   0.0
        D:3 |      78 |       0 |   0.0 |      16 |       0 |   0.0
        D:4 |     171 |       0 |   0.0 |       9 |       0 |   0.0
        D:5 |     335 |       0 |   0.0 |       8 |       0 |   0.0
            +---------+---------+-------+---------+---------+-------

Table legend:
 A = Turns spent in this place as a percentage of turns spent in the entire game.
 B = Non-inter-level travel turns spent in this place as a percentage of non-inter-level travel turns spent in the entire game.
 C = Inter-level travel turns spent in this place as a percentage of turns spent in this place.
 D = Turns resting spent in this place as a percentage of non-inter-level travel turns spent in this place.
 E = Turns spent auto-exploring this place as a percentage of non-inter-level travel turns spent in this place.
 F = Non-inter-level travel turns spent in this place divided by the number of levels of this place that you've seen.
                   A       B       C       D       E      F
               +-------+-------+-------+-------+-------+----------------------
         Total | 100.0 | 100.0 |   3.8 |   0.0 |   0.0 | 218.8
       Dungeon | 100.0 | 100.0 |   3.8 |   0.0 |   0.0 | 218.8
               +-------+-------+-------+-------+-------+----------------------

Table legend:
 A = Kills in this place as a percentage of kills in entire the game.
 B = Kills by you in this place as a percentage of kills by you in the entire game.
 C = Kills by friends in this place as a percentage of kills by friends in the entire game.
 D = Other kills in this place as a percentage of other kills in the entire game.
 E = Experience gained in this place as a percentage of experience gained in the entire game.
 F = Experience gained in this place divided by the number of levels of this place that you have seen.
                   A       B       C       D       E      F
               +-------+-------+-------+-------+-------+----------------------
         Total | 100.0 | 100.0 |   N/A |   N/A | 100.0 | 135.6
       Dungeon | 100.0 | 100.0 |   N/A |   N/A | 100.0 | 135.6
               +-------+-------+-------+-------+-------+----------------------

Vault maps used:
D:1:      dpeg_arrival_simpleton_b
D:2:      first_ration
D:3:      uniq_ijyb
D:4:      grunt_temple_overflow_order_and_chaos_2,
          minmay_misc_feat_secret_circle
D:5:      chequers_temple_overflow_minitemple, serial_shops,
          kennysheep_little_box
